 Dungeon Crawl Stone Soup version 0.31-a0-344-gd109795599 (webtiles) character file.

Game seed: 3658008516682551788

1344821 Strat the Slayer (level 27, 195/195 HPs)
             Began as a Gargoyle Earth Elementalist on July 20, 2023.
             Was the Champion of Makhleb.
             Escaped with the Orb
             ... and 3 runes on July 21, 2023!
             The game lasted 05:55:21 (111297 turns).

Strat the Slayer (Gargoyle Earth Elementalist)    Turns: 111297, Time: 05:55:21

Health: 195/195    AC: 38    Str: 21    XL:     27
Magic:  54/54      EV: 16    Int: 38    God:    Makhleb [******]
Gold:   3911       SH:  0    Dex: 10    Spells: 13/74 levels left

rFire   + + .        b - staff "Vaeloobe" {rC+ rN+ Will+ Str+3 Earth}
rCold   + + +        (no shield)
rNeg    + + .        Y - +3 robe of Tenacity {Will+ Regen+ Int+3}
rPois   ∞            v - +2 hat {SInv}
rElec   +            O - +2 cloak {Will+}
rCorr   .            k - +2 pair of gloves {Stlth+}
SInv    +            Z - +2 pair of boots of Purpose {rC+ Int+2 Slay+2}
Will    +++++        r - amulet of Polytheism {Faith rC+ Int+3}
Stlth   +            M - ring of Qaleraut {rF++ MP+9 Str+2 Int+6}
HPRegen 1.32/turn    H - +5 ring of evasion
MPRegen 0.34/turn

%: faith
@: flying, studying Throwing
A: sickness immunity, AC +20, big wings, negative energy resistance 1,
electricity resistance, torment resistance 1, petrification resistance, antennae
1, dopey 1, low MP 1, wild magic 1
0: Orb of Zot
}: 3/15 runes: decaying, serpentine, silver
a: Renounce Religion, Minor Destruction, Lesser Servant of Makhleb, Major
Destruction, Greater Servant of Makhleb


You escaped.
You worshipped Makhleb.
Makhleb was exalted by your worship.
You visited 11 branches of the dungeon, and saw 49 of its levels.
You also visited: Trove and Gauntlet.

You collected 6876 gold pieces.
You spent 2965 gold pieces at shops.

Inventory:

Hand Weapons
 a - the +9 quarterstaff "Maot" {venom, Dex+3}
   (You acquired it on level 4 of the Dungeon)

   Dex:       It affects your dexterity (+3).
Missiles
 u - 3 throwing nets
Armour
 k - a +2 pair of gloves of stealth (worn)
 v - a +2 hat of see invisible (worn)
 O - a +2 cloak of willpower (worn)
 Y - the +3 robe of Tenacity (worn) {Will+ Regen+ Int+3}
   (You took it off a naga on level 1 of the Snake Pit)

   Int:       It affects your intelligence (+3).
   Regen:     It increases your rate of health regeneration.
   Will:      It increases your willpower.
 Z - the +2 pair of boots of Purpose (worn) {rC+ Int+2 Slay+2}
   (You found it in a treasure trove)

   Int:       It affects your intelligence (+2).
   Slay:      It affects your accuracy & damage with ranged weapons and melee
   (+2).
   rC:        It protects you from cold.
Magical Staves
 b - the staff "Vaeloobe" (weapon) {rC+ rN+ Will+ Str+3 Earth}
   (You acquired it on level 1 of the Vaults)

   [staff of earth]

   Base accuracy: +5 Base damage: 5 Base attack delay: 1.2 This weapon's minimum
   attack delay (0.6) is reached at skill level 12.
   Str:       It affects your strength (+3).
   rC:        It protects you from cold.
   rN:        It protects you from negative energy.
   Earth:     It increases the power of your Earth spells.
   Will:      It increases your willpower.
   It falls into the 'Staves' category.
   It is a one-handed weapon.
Jewellery
 j - a ring of fire
 q - a ring of positive energy
 r - the amulet of Polytheism (around neck) {Faith rC+ Int+3}
   (You found it on level 1 of the Depths)

   [amulet of faith]

   It allows you to gain divine favour quickly.
   Int:       It affects your intelligence (+3).
   rC:        It protects you from cold.
 B - a +4 ring of protection
 F - a ring of willpower
 H - a +5 ring of evasion (right hand)
 I - a ring of magical power
 M - the ring of Qaleraut (left hand) {rF++ MP+9 Str+2 Int+6}
   (You found it on level 5 of the Vaults)

   [ring of intelligence]

   Str:       It affects your strength (+2).
   Int:       It affects your intelligence (+6).
   rF:        It greatly protects you from fire.
   MP:        It affects your magic capacity (+9).
 P - the ring "Ikecoigg" {Drain rF+ rCorr Str+3 Dex+7}
   (You found it on level 5 of the Vaults)

   [ring of protection from fire]

   Str:       It affects your strength (+3).
   Dex:       It affects your dexterity (+7).
   rF:        It protects you from fire.
   rCorr:     It protects you from acid and corrosion.
   Drain:     It drains your maximum health when unequipped.
 U - a +5 ring of evasion
 V - a +4 ring of slaying
Wands
 f - a wand of flame (110)
 g - a wand of roots (16)
 i - a wand of mindburst (24)
 t - a wand of polymorph (32)
 D - a wand of acid (3)
 E - a wand of charming (69)
 R - a wand of digging (4)
Scrolls
 c - 2 scrolls of enchant armour
 e - 4 scrolls of amnesia
 h - 7 scrolls of fog
 l - 8 scrolls of immolation
 m - a scroll of fear
 p - 4 scrolls of poison
 w - a scroll of butterflies
 y - 4 scrolls of silence
 G - 6 scrolls of brand weapon
 K - 3 scrolls of enchant weapon
 Q - 4 scrolls of teleportation
Potions
 d - 4 potions of berserk rage
 n - 2 potions of mutation
 o - 7 potions of enlightenment
 s - 2 potions of ambrosia
 z - 9 potions of brilliance
 A - 14 potions of curing
 C - 11 potions of lignification
 S - 9 potions of resistance
 X - 3 potions of might
Miscellaneous
 x - a sack of spiders
 J - a phantom mirror


   Skills:
 + Level 25.7 Fighting
 - Level 9.9 Staves
 - Level 8.3 Armour
 - Level 1.5 Dodging
 - Level 2.5 Stealth
 - Level 24.0 Spellcasting
 - Level 15.7 Conjurations
 - Level 3.4 Hexes
 - Level 11.2 Summonings
 - Level 4.0 Necromancy
 - Level 7.8 Translocations
 - Level 7.0 Transmutations
 - Level 18.3 Earth Magic
 - Level 16.0 Invocations
 - Level 10.5 Evocations


You had 13 spell levels left.
You knew the following spells:

 Your Spells              Type           Power      Damage    Failure   Level
a - Spellforged Servitor  Conj/Summ      56%        N/A       3%          7
b - Leda's Unmaking       Conj/Erth      74%        9d12      1%          6
c - Stone Arrow           Conj/Erth      100%       3d13      1%          3
d - Passage of Golubria   Tloc           94%        N/A       1%          4
e - Iskenderun's Mystic   Conj/Tloc      100%       2d19      1%          4
f - Irradiate             Conj/Tmut      53%        3d29      1%          5
g - Summon Forest         Summ/Tloc      50%        N/A       1%          5
h - Apportation           Tloc           100%       N/A       1%          1
i - Summon Mana Viper     Hex/Summ       93%        N/A       1%          5
j - Borgnjor's Vile Clut  Necr/Erth      65%        N/A       1%          5
k - Orb of Destruction    Conj           60%        9d15      1%          7
l - Blink                 Tloc           100%       N/A       1%          2
m - Passwall              Tmut/Erth      100%       N/A       1%          2
n - Lee's Rapid Deconstr  Erth           75%        3d34*     1%          5

Your spell library contained the following spells:

 Spells                   Type           Power      Damage    Failure   Level
 Foxfire                  Conj/Fire      100%       2x1d9     1%          1
 Magic Dart               Conj           100%       1d8       1%          1
 Sandblast                Erth           100%       2d20      1%          1
 Shock                    Conj/Air       100%       1d9       1%          1
 Ensorcelled Hibernation  Hex/Ice        100%       N/A       1%          2
 Lesser Beckoning         Tloc           100%       N/A       1%          2
 Momentum Strike          Conj/Tloc      100%       3d10      1%          2
 Scorch                   Fire           100%       2d9       1%          2
 Searing Ray              Conj           100%       2d8       1%          2
 Static Discharge         Conj/Air       100%       2-7/arc   1%          2
 Wereblood                Tmut           91%        N/A       1%          2
 Confusing Touch          Hex            75%        N/A       1%          3
 Gell's Gravitas          Tloc           94%        N/A       1%          3
 Hailstorm                Conj/Ice       95%        3d19      1%          3
 Ignite Poison            Fire/Tmut/Pois 70%        N/A       1%          3
 Portal Projectile        Hex/Tloc       100%       N/A       1%          3
 Summon Guardian Golem    Hex/Summ       93%        N/A       1%          3
 Teleport Other           Tloc           94%        N/A       1%          3
 Tukima's Dance           Hex            75%        N/A       1%          3
 Volatile Blastmotes      Fire/Tloc      100%       2d18      1%          3
 Animate Armour           Summ/Erth      100%       N/A       1%          4
 Animate Dead             Necr           78%        N/A       1%          4
 Flame Wave               Conj/Fire      95%        2d20      1%          4
 Fulminant Prism          Conj/Hex       50%        3d22      1%          4
 Leda's Liquefaction      Hex/Erth       64%        N/A       1%          4
 Petrify                  Tmut/Erth      100%       N/A       1%          4
 Summon Ice Beast         Ice/Summ       85%        N/A       1%          4
 Summon Lightning Spire   Summ/Air       85%        N/A       1%          4
 Fireball                 Conj/Fire      47%        3d19      1%          5
 Iskenderun's Battlesphe  Conj           100%       2d15      1%          5
 Summon Cactus Giant      Summ           53%        N/A       1%          6
 Frozen Ramparts          Ice            100%       1d16      2%          3
 Ozocubu's Armour         Ice            56%        N/A       2%          3
 Swiftness                Air            56%        N/A       2%          3
 Anguish                  Hex/Necr       38%        N/A       2%          4
 Alistair's Intoxication  Tmut/Pois      50%        N/A       5%          5
 Starburst                Conj/Fire      47%        6d13      5%          6
 Lehudib's Crystal Spear  Conj/Erth      74%        10d17     5%          8
 Monstrous Menagerie      Summ           53%        N/A       7%          7
 Summon Hydra             Summ           53%        N/A       7%          7
 Airstrike                Air            28%        2d(4-20)  8%          4
 Metabolic Englaciation   Hex/Ice        33%        N/A       11%         5
 Silence                  Hex/Air        33%        N/A       11%         5
 Death Channel            Necr           39%        N/A       21%         6
 Eringya's Noxious Bog    Tmut/Pois      38%        4d6       24%         6
 Haunt                    Necr/Summ      47%        N/A       26%         7
 Shatter                  Erth           75%        3d55*     34%         9
 Simulacrum               Ice/Necr       34%        N/A       41%         6
 Plasma Beam              Fire/Air       28%        2x1d40    67%         6
 Borgnjor's Revivificati  Necr           39%        N/A       100%        8
 Chain Lightning          Conj/Air       47%        3d63      100%        9
 Fire Storm               Conj/Fire      47%        8d12      100%        9
 Cigotuvi's Dreadful Rot  Necr/Pois/Air  Unusable   N/A       N/A         2

Dungeon Overview and Level Annotations

Branches:
Dungeon (15/15)            Temple (1/1) D:5            Lair (5/5) D:9
  Swamp (4/4) Lair:3        Snake (4/4) Lair:3        Slime (0/5) Lair:4
    Orc (2/2) D:9             Elf (3/3) Orc:2        Vaults (5/5) D:13
  Crypt (0/3) Vaults:3     Depths (4/4) D:15           Hell (visited)
    Zot (5/5) Depths:4    Gauntlet (visited)
    Dis: Hell:1         Geh: Hell:1         Coc: Hell:1         Tar: Hell:1

Altars:
Ashenzari
Cheibriados
Dithmenos
Elyvilon
Fedhas
Gozag
Hepliaklqana
Kikubaaqudgha
Makhleb
Nemelex Xobeh
Okawaru
Qazlal
Ru
Sif Muna
Trog
Uskayaw
Vehumet
Wu Jian
Xom
Yredelemnul
Zin
The Shining One
Jiyva
Lugonu

Shops:
D:1 ?   D:13 *   D:15 !   Orc:2 *(:*?   Elf:2 (:   Elf:3 (   Snake:1 [?:
Snake:4 :   Vaults:3 :   Vaults:5 :   Depths:1 (

Portals:
Hell: Depths:1 Depths:2 Depths:3 Depths:4
Abyss: Depths:3
Pandemonium: Orc:2 Depths:2
Ziggurat: Depths:4

Annotations:
D:7 5 runed translucent doors, Crazy Yiuf
D:11 1 runed translucent door, wormstring's ghost, novice FeCK
Orc:1 3 runed translucent doors, Ehotes's ghost, journeyman OpSh; Wuagoi's ghost, journeyman DrVM; Xiotatis's ghost, journeyman MiBe; Xisad's ghost, journeyman TeMo
Elf:2 3 runed translucent doors
Elf:3 1 runed translucent door
Vaults:4 1 runed translucent door
Depths:3 exclusion: orange crystal statue
Hell Geryon


Innate Abilities, Weirdness & Mutations

You are immune to sickness and miasma.
Your stone body is resilient. (AC +20)
You are immune to poison.
Your large and strong wings let you fly.
You resist negative energy. (rN+)
You are resistant to electric shocks. (rElec)
You are resistant to unholy torment.
You are immune to petrification.
You have a pair of small antennae on your head.
You are dopey. (Int -2)
Your magical capacity is low. (-10% MP)
Your spells are a little harder to cast, but a little more powerful.


Message History

The lich flickers and vanishes for a moment.
You see here a +0 whip.
Aiming: Dig
Press: ? - help, Shift-Dir - straight line This square is covered in magical glow.
The rock shatters into small pieces.
The lich attacks as you move away! The lich misses you.
The lich touches you but does no damage.
There is a stone staircase leading up here.
Casting: Leda's Unmaking (mildly dangerous; 1% risk of failure)
Confirm with . or Enter, or press ? or * to list all spells.
Aiming: Borgnjor's Vile Clutch (mildly dangerous; 1% risk of failure)
Press: ? - help, Shift-Dir - straight line, f - lich
Aim: a lich (fast, slightly transparent, 100% to hit)
You feel a surge of power!
Zombie hands grab the lich.
The zombie hands constrict the lich.
The lich touches you but does no damage.
Casting: Borgnjor's Vile Clutch (mildly dangerous; 1% risk of failure)
Confirm with . or Enter, or press ? or * to list all spells.
Aiming: Leda's Unmaking (mildly dangerous; 1% risk of failure)
Press: ? - help, Shift-Dir - straight line, f/p - lich
Aim: a lich (lightly damaged, fast, slightly transparent, constricted by zombie hands, 100% to hit)
You feel a surge of power!
The entropic shot hits the lich!!!
The lich is almost destroyed.
The zombie hands constrict the lich!
You destroy the lich!
Makhleb accepts your kill.
You fly upwards.
There is a stone staircase leading down here.
There is a stone staircase leading up here.
You fly upwards.
There is a stone staircase leading down here.
Magic restored.
There is an open door here.
A neqoxec comes into view.
There is a stone staircase leading down here.
There is a large open door here.
There is a staircase leading out of the dungeon here.
You have escaped!

########
###≈≈≈≈≈≈#
##≈§≈≈≈≈≈§§
#§§§≈≈#≈≈≈≈
##≈≈≈≈≈≈≈≈≈
#≈≈#≈≈≈§§≈
###≈≈≈§≈####
#.'.......@#
#.'.3.....>#
##3#≈§≈≈≈####
#..#≈§#≈≈≈≈≈
#.###§§§≈≈§≈§
#.#
#§≈§≈≈#§≈≈≈
#.#
##§≈§≈§§§≈≈
###.#
###§≈§§≈§#
#...# ##### #


You could see a neqoxec.

Vanquished Creatures
  3 orbs of fire (Zot:5)
  Mara (Swamp:4)
  6 dread liches
  An ancient lich (Depths:2)
  5 Killer Klowns
  Vashnia (Snake:4)
  2 curse toes
  3 caustic shrikes
  Nikola (Snake:2)
  5 golden dragons
  the Enchantress (Depths:1)
  A bone dragon (Depths:3)
  2 Brimstone Fiends
  5 electric golems
  4 tentacled monstrosities
  11 Orb Guardians
  2 liches
  A deep elf master archer (Elf:3)
  A deep elf blademaster (Elf:3)
  A walking earthen tome (Depths:1)
  2 quicksilver dragons
  A walking frostbound tome (Depths:2)
  7 titans
  7 death cobs
  2 thorn hunters (Swamp:3)
  Kirke (Swamp:4)
  Gastronok (D:9)
  2 sphinxes
  Aizul (Snake:2)
  10 shadow dragons
  7 storm dragons
  5 nagarajas
  2 draconian monks
  3 deep elf sorcerers
  4 draconian knights
  5 fire giants
  4 frost giants
  A balrug (Depths:4)
  A draconian scorcher (Zot:2)
  7 vault wardens
  2 ghost moths
  4 iron dragons
  A draconian annihilator (Zot:4)
  3 deep elf elementalists
  A cacodemon (D:15)
  2 draconian stormcallers
  9 ironbound preservers
  2 draconian shifters (Zot:3)
  A caustic shrike zombie (Depths:2)
  7 very ugly things
  3 spriggan defenders
  6 ironbound thunderhulks
  A demonspawn blood saint (D:9)
  3 vampire knights
  5 black draconians
  9 stone giants
  A deep elf demonologist (Elf:2)
  5 white draconians
  Azrael (Snake:3)
  3 eleionomae
  A minotaur (Gauntlet)
  3 yellow draconians
  5 deep elf annihilators (Elf:3)
  3 red draconians
  5 green draconians
  5 purple draconians
  5 bunyips
  8 spark wasps
  2 deep elf death magi
  An ettin (shapeshifter) (Vaults:4)
  A blizzard demon (D:9)
  4 deep elf high priests
  5 ettins
  2 crystal guardians
  An entropy weaver (Vaults:1)
  A shambling mangrove (Swamp:3)
  10 yaktaur captains
  4 fire dragons
  2 rakshasas
  20 hydras
  3 salamander tyrants
  2 great orbs of eyes
  24 vault guards
  12 centaur warriors
  An ice dragon (Depths:2)
  12 ironbound frosthearts
  3 ogre magi
  2 hell beasts
  2 spriggan air magi
  2 demonspawn (Orc:2)
  A two-headed ogre (shapeshifter) (Vaults:4)
  A catoblepas (D:15)
  3 ghost crabs
  An anaconda (shapeshifter) (Vaults:5)
  3 boulder beetles
  7 two-headed ogres
  2 deep troll shamans (Depths:1)
  A deep troll earth mage (Depths:1)
  9 dancing weapons
  8 alligators
  A vampire mage (Depths:1)
  14 anacondas
  A tengu warrior (Depths:4)
  17 naga warriors
  8 shock serpents
  7 hell knights
  4 orc high priests (Orc:2)
  2 spriggan berserkers
  A titan zombie (Depths:2)
  2 sun demons
  2 soul eaters
  16 naga sharpshooters
  3 iron trolls (Depths:1)
  10 deep elf knights
  3 skysharks
  17 deep trolls
  7 salamander mystics
  A skeletal warrior (Depths:2)
  2 goliath frogs (Swamp:2)
  9 naga ritualists
  A flayed ghost (Vaults:4)
  9 swamp dragons
  7 orc knights
  5 lindwurms
  A shadow demon (Zot:5)
  A wizard (Vaults:2)
  3 glowing orange brains
  4 necromancers
  7 deep elf archers
  10 ironbound convokers
  2 harpies
  3 phantasmal warriors
  11 bog bodies
  8 deep elf zephyrmancers
  13 deep elf pyromancers
  12 orc sorcerers
  31 ugly things
  17 mana vipers
  5 manticores
  A faun (shapeshifter) (Vaults:4)
  18 salamanders
  3 will-o-the-wisps
  10 moths of wrath
  4 cyclopes
  6 vault sentinels
  A human skeleton (Vaults:2)
  40 black mambas
  6 guardian serpents
  12 elephants
  17 naga magi
  11 cane toads
  4 molten gargoyles (D:13)
  3 gargoyles
  A smoke demon (Orc:2)
  2 unseen horrors
  2 efreet
  5 rime drakes
  Maggie (D:7)
  2 orange demons
  3 freezing wraiths
  20 yaktaurs
  8 komodo dragons
  A red devil (Depths:2)
  9 polar bears
  6 meliai
  2 tarantellas (shapeshifter)
  A bloated husk (Swamp:3)
  A hellwing (Orc:2)
  7 trolls
  5 tyrant leeches
  Prince Ribbit (D:7)
  21 blink frogs
  An ettin zombie (Vaults:2)
  16 hornets
  4 dream sheep (Lair:5)
  2 air elementals
  15 slime creatures
  23 spriggans
  2 shadows
  2 ynoxinuls
  3 wraiths
  A vampire (D:7)
  5 fire elementals
  2 water elementals
  A basilisk (shapeshifter) (D:13)
  A hog (shapeshifter) (D:13)
  33 yaks
  2 hogs (Swamp:4)
  Eustachio (D:5)
  4 basilisks
  9 wyverns
  18 vampire mosquitoes
  A chaos spawn (Orc:2)
  A redback (Vaults:4)
  Menkaure (D:7)
  62 nagas
  10 swamp worms
  Edmund (D:6)
  A warg (Orc:1)
  A swamp worm (shapeshifter) (Depths:1)
  2 acid dragons
  A floating eye (Depths:3)
  2 hell hounds
  22 water moccasins
  10 swamp drakes
  29 orc warriors
  9 ice beasts
  3 sky beasts
  4 black bears
  A boggart (shapeshifter) (Vaults:4)
  5 boggarts (Lair:5)
  16 wolves (Lair:5)
  12 ogres
  17 centaurs
  3 kobold brigands
  2 phantoms (D:6)
  6 nameless horrors
  13 bullfrogs
  2 gnoll sergeants
  2 scorpions (D:4)
  17 wights
  10 killer bees
  2 electric eels (Lair:1)
  A lava snake (D:13)
  A howler monkey (D:7)
  3 jellies
  2 hounds (D:5)
  27 orc priests
  5 iguanas
  A gnoll bouda (D:8)
  A sleepcap (D:6)
  17 orc wizards
  2 hell rats
  8 gnolls
  10 adders
  A shadow imp (Gauntlet)
  A white imp (D:7)
  A worm (D:4)
  2 dart slugs
  65 orcs
  7 ball pythons
  5 bats
  5 endoplasms
  2 giant cockroaches
  2 goblins
  5 hobgoblins
  2 jackals (D:4)
  A quokka (D:3)
  3 frilled lizards
  24 kobolds
  7 rats
1521 creatures vanquished.

Vanquished Creatures (collateral kills)
  An ancient lich (Zot:5)
  2 dread liches (Zot:5)
  An orb of fire (Zot:5)
  A juggernaut (Depths:4)
  A Killer Klown (Zot:2)
  A caustic shrike (Depths:4)
  5 golden dragons
  2 tentacled monstrosities
  13 Orb Guardians (Zot:5)
  A walking divine tome (Depths:3)
  A deep elf blademaster (Elf:3)
  4 titans
  A death cob (Zot:2)
  4 sphinxes
  3 tengu reavers
  2 shadow dragons
  3 storm dragons (Zot:2)
  A fenstrider witch (Swamp:2)
  The ghost of Bialiabluu the Warrior, an adept GrEE of Gozag (D:15)
  2 nagarajas (Snake:4)
  The ghost of bmack86 the Severer, a journeyman MiFi of Okawaru (Swamp:1)
  4 fire giants
  2 draconian knights
  5 frost giants
  8 vault wardens
  2 deep elf sorcerers (Elf:3)
  3 iron dragons
  2 orc warlords
  A cacodemon (Depths:2)
  2 draconian shifters
  6 very ugly things
  A reaper (Depths:4)
  11 stone giants
  A draconian annihilator (Zot:3)
  2 ironbound preservers
  An ironbound thunderhulk (Vaults:4)
  A formless jellyfish (Vaults:3)
  3 vampire knights (Depths:2)
  4 spriggan defenders
  4 deep elf demonologists (Elf:3)
  3 black draconians
  2 green draconians
  2 eleionomae
  2 yellow draconians
  The ghost of Huipt the Bewitcher, a journeyman DEFE of Sif Muna (D:15)
  3 red draconians (Zot:2)
  A bunyip (Swamp:2)
  5 white draconians
  6 purple draconians
  3 deep elf annihilators (Elf:3)
  2 spark wasps (Depths:2)
  6 deep elf death magi
  10 ettins
  2 fire dragons (Depths:2)
  A crystal guardian (Depths:2)
  4 deep elf high priests
  2 entropy weavers
  7 great orbs of eyes
  11 vault guards
  9 yaktaur captains
  3 ice dragons
  2 anacondas (Snake:4)
  9 hydras
  A peacekeeper (Vaults:2)
  3 spriggan air magi
  A boulder beetle (Vaults:2)
  2 centaur warriors
  6 ironbound frosthearts
  2 dancing weapons (Elf:3)
  4 alligators (Swamp:4)
  2 vampire magi
  4 deep troll shamans
  An ogre mage (Vaults:4)
  2 naga warriors (Snake:4)
  2 tengu warriors (Depths:3)
  A titan zombie (Depths:2)
  7 spriggan berserkers
  3 hell knights (Depths:3)
  4 deep troll earth magi
  A shock serpent (Snake:1)
  2 naga sharpshooters
  2 deep elf knights (Elf:3)
  2 soul eaters
  A sixfirhy (D:15)
  7 iron trolls
  A goliath frog (Swamp:2)
  17 deep trolls
  3 salamander mystics
  2 spriggan druids
  2 naga ritualists (Snake:4)
  An obsidian statue (Zot:5)
  10 ironbound convokers
  A steelbarb worm (shapeshifter) (Depths:4)
  10 deep elf zephyrmancers
  6 wizards
  7 lindwurms
  6 deep elf archers
  3 necromancers
  A sphinx zombie (Depths:2)
  2 phantasmal warriors (Vaults:5)
  An orc knight (Vaults:5)
  4 harpies
  29 ugly things
  8 deep elf pyromancers
  2 manticores (Elf:1)
  A frost giant zombie (Depths:2)
  A will-o-the-wisp (Swamp:1)
  2 moths of wrath (Zot:2)
  3 salamanders (Depths:4)
  A black mamba (Snake:4)
  14 vault sentinels
  2 torpor snails (shapeshifter)
  A smoke demon (Depths:4)
  2 naga magi
  11 yaktaurs
  A freezing wraith (Vaults:5)
  A guardian mummy (Zot:2)
  A hellwing (Depths:2)
  7 hornets
  A tarantella (shapeshifter) (Vaults:4)
  A tyrant leech (Swamp:3)
  20 slime creatures
  8 spriggans
  2 fire elementals
  A wraith (Vaults:3)
  A hog (Swamp:4)
  3 vampire mosquitoes
  4 redbacks (Vaults:4)
  2 nagas
  A swamp worm (Swamp:4)
  A floating eye (shapeshifter) (Depths:2)
  4 hell hounds (Elf:1)
  A human zombie (Vaults:2)
  A human skeleton (Vaults:2)
  2 nameless horrors (Vaults:4)
  2 snaplasher vines
489 creatures vanquished.

Vanquished Creatures (others)
  An orb of fire (Zot:5)
  A deep elf master archer (Elf:3)
  A deep elf demonologist (Elf:3)
  A wizard (Vaults:4)
  A deep elf pyromancer (Elf:1)
  A snapping turtle (shapeshifter) (Vaults:5)
  A yak (D:12)
  4 humans (Swamp:4)
  An orc priest (D:6)
  2 orc wizards (D:6)
  An orc (D:6)
  19 foxfires
  76 snaplasher vines
110 creatures vanquished.

Grand Total: 2120 creatures vanquished

Notes
Turn   | Place    | Note
-------+----------+-------------------------------------------
     0 | D:1      | Strat the Gargoyle Earth Elementalist began the quest for
                  | the Orb.
     0 | D:1      | Reached XP level 1. HP: 10/10 MP: 3/3
    44 | D:1      | Found Kukuos Botz's Magic Scroll Shoppe.
   275 | D:1      | Reached XP level 2. HP: 15/15 MP: 3/5
   905 | D:2      | Reached skill level 5 in Earth Magic
   905 | D:2      | Reached XP level 3. HP: 19/19 MP: 3/6
  1261 | D:2      | Reached XP level 4. HP: 24/24 MP: 7/7
  1722 | D:3      | Learned a level 2 spell: Passwall
  1726 | D:3      | Learned a level 3 spell: Stone Arrow
  2026 | D:3      | Found a radiant altar of Vehumet.
  2073 | D:3      | Reached skill level 1 in Conjurations
  2517 | D:3      | Reached XP level 5. HP: 28/28 MP: 6/8
  2632 | D:4      | Identified a scroll of acquirement
  2632 | D:4      | Acquired the +9 quarterstaff "Maot" {venom, Dex+3}
  2911 | D:4      | Found a basalt altar of Yredelemnul.
  2981 | D:4      | Reached XP level 6. HP: 32/32 MP: 10/10
  3686 | D:5      | Entered Level 5 of the Dungeon
  3705 | D:5      | Found a staircase to the Ecumenical Temple.
  3741 | Temple   | Entered the Ecumenical Temple
  3752 | Temple   | Became a worshipper of Makhleb the Destroyer
  3843 | D:5      | Found a stormy altar of Qazlal.
  3894 | D:5      | Identified the +3 leather armour of Boredom {Regen+ Dex+4}
  3941 | D:5      | Reached XP level 7. HP: 36/36 MP: 8/12
  4112 | D:5      | Noticed Eustachio
  4383 | D:5      | Found a blossoming altar of Fedhas.
  4447 | D:5      | Killed Eustachio
  4670 | D:6      | Noticed Edmund
  4682 | D:6      | Reached XP level 8. HP: 41/41 MP: 11/14
  4691 | D:6      | Killed Edmund
  4803 | D:6      | Found a shimmering altar of Xom.
  4807 | D:6      | Noticed an angel
  4810 | D:6      | Found a glowing silver altar of Zin.
  4856 | D:6      | Reached skill level 10 in Earth Magic
  4858 | D:6      | Reached skill level 1 in Transmutations
  4881 | D:6      | Learned a level 4 spell: Petrify
  4922 | D:6      | Reached skill level 1 in Fighting
  4952 | D:6      | Reached * piety under Makhleb
  5211 | D:6      | Reached skill level 2 in Fighting
  5217 | D:6      | Learned a level 4 spell: Iskenderun's Mystic Blast
  5579 | D:6      | Reached skill level 3 in Fighting
  5666 | D:7      | Reached XP level 9. HP: 51/51 MP: 9/15
  5698 | D:7      | Reached skill level 5 in Conjurations
  5734 | D:6      | Reached skill level 4 in Fighting
  6129 | D:7      | Reached skill level 5 in Fighting
  6204 | D:7      | Found a large runed translucent door.
  6205 | D:7      | Found a large runed translucent door.
  6207 | D:7      | Noticed a purple ugly thing
  6208 | D:7      | Noticed a gargoyle
  6313 | D:7      | Found a large runed translucent door.
  6313 | D:7      | Found a large runed translucent door.
  6322 | D:7      | Reached ** piety under Makhleb
  6370 | D:7      | Noticed Maggie
  6386 | D:7      | Noticed Prince Ribbit
  6394 | D:7      | Killed Prince Ribbit
  6395 | D:7      | Reached skill level 6 in Fighting
  6421 | D:7      | Reached XP level 10. HP: 60/60 MP: 16/16
  6517 | D:7      | Got the Information on Changing and Company
  6542 | D:7      | You fall into a shaft and drop 3 floors!
  6542 | D:10     | Entered Level 10 of the Dungeon
  6546 | D:10     | Identified the +6 ring mail of Anem {rF+}
  6757 | D:9      | Found a staircase to the Orcish Mines.
  6863 | D:8      | Found a hide-covered altar of Uskayaw.
  6863 | D:8      | Found an ornate altar of the Wu Jian Council.
  6866 | D:8      | Found a glowing golden altar of the Shining One.
  6897 | D:9      | Reached skill level 1 in Translocations
  7336 | D:7      | Killed Maggie
  7337 | D:7      | Reached skill level 7 in Fighting
  7470 | D:7      | Found a runed translucent door.
  7471 | D:7      | Noticed Crazy Yiuf
  7505 | D:7      | Noticed Menkaure
  7507 | D:7      | Killed Menkaure
  7548 | D:7      | Killed an unseen horror
  7712 | D:7      | Found a hazy altar of Hepliaklqana.
  8155 | D:8      | Found a shadowy altar of Dithmenos.
  8385 | D:9      | Reached *** piety under Makhleb
  8527 | D:9      | Reached skill level 8 in Fighting
  8527 | D:9      | Reached XP level 11. HP: 63/68 MP: 18/18
  8544 | D:9      | Reached skill level 5 in Spellcasting
  8560 | D:9      | Learned a level 5 spell: Irradiate
  8600 | D:9      | Found a sacrificial altar of Ru.
  8651 | D:9      | Found a staircase to the Lair.
  8922 | D:9      | Noticed Gastronok
  9354 | D:9      | Killed Gastronok
  9877 | D:10     | Noticed a two-headed ogre
  9882 | D:10     | Killed a two-headed ogre
  9956 | D:10     | Found a portal to a secret trove of treasure.
 10113 | D:10     | Reached skill level 9 in Fighting
 10440 | D:10     | Identified the orb "Ydgham" {*channel, Int+5 Stlth-}
 10781 | D:11     | Found a runed translucent door.
 10936 | D:11     | Reached skill level 10 in Conjurations
 10937 | D:11     | Reached **** piety under Makhleb
 11432 | D:11     | Noticed wormstring's ghost (novice FeCK)
 11567 | D:12     | Reached XP level 12. HP: 46/76 MP: 21/21
 11745 | D:12     | Noticed a boulder beetle
 12490 | D:12     | Reached skill level 10 in Fighting
 12560 | D:12     | Identified the +3 dagger of Leakka Kavu {venom, rF+ rN+
                  | Str+3}
 12706 | D:12     | Reached skill level 5 in Transmutations
 12791 | D:13     | Noticed a centaur warrior
 12996 | D:13     | Killed a centaur warrior
 13218 | D:13     | Noticed a centaur warrior
 13222 | D:13     | Killed a centaur warrior
 14441 | D:13     | Reached XP level 13. HP: 82/82 MP: 15/25
 14530 | D:13     | Noticed a vault guard
 14565 | D:13     | Noticed a vault guard
 14930 | D:13     | Noticed a vault guard
 15444 | D:13     | Found Heuh's Assorted Antiques.
 15592 | D:13     | Paralysed by an orc sorcerer for 3 turns
 15775 | D:13     | Killed a vault guard
 15887 | D:13     | Noticed a vault guard
 15918 | D:13     | Killed a vault guard
 16100 | D:13     | Killed a vault guard
 16220 | D:13     | Found a gate to the Vaults.
 17170 | D:14     | Reached skill level 1 in Armour
 17170 | D:14     | Reached skill level 1 in Invocations
 17370 | D:15     | Entered Level 15 of the Dungeon
 17378 | D:14     | Reached skill level 10 in Spellcasting
 17426 | D:15     | Found Hekeh's Distillery.
 17454 | D:15     | Bought a potion of heal wounds for 80 gold pieces
 17454 | D:15     | Bought a potion of brilliance for 64 gold pieces
 17546 | D:15     | Found a gate leading to a gauntlet.
 17552 | Gauntlet | Entered a Gauntlet
 17552 | Gauntlet | Found a transporter.
 17552 | Gauntlet | Found a runed translucent door.
 17625 | Gauntlet | Found a runed translucent door.
 17635 | Gauntlet | Found a transporter.
 17639 | Gauntlet | Found a transporter.
 17664 | Gauntlet | Found a transporter.
 17828 | Gauntlet | Found a transporter.
 17828 | Gauntlet | Found a transporter.
 17828 | Gauntlet | Found a transporter.
 17840 | Gauntlet | Found a transporter.
 17843 | Gauntlet | Reached ***** piety under Makhleb
 17854 | Gauntlet | Found a transporter.
 17854 | Gauntlet | Found a transporter.
 17855 | Gauntlet | Noticed a cacodemon
 17856 | Gauntlet | Identified the ring of Teics {rElec rF- Will+ rCorr Dex+2}
 17970 | Gauntlet | Noticed a minotaur
 17976 | Gauntlet | Killed a minotaur
 18523 | D:15     | Gained mutation: Your large and strong wings let you fly.
                  | [Gargoyle growth]
 18523 | D:15     | Reached XP level 14. HP: 80/88 MP: 13/28
 18834 | D:15     | Reached skill level 5 in Armour
 18834 | D:15     | Reached skill level 5 in Invocations
 19426 | D:15     | Paralysed by an ogre mage for 4 turns
 19812 | D:15     | Found a runed translucent gate.
 19813 | D:15     | Found a runed translucent gate.
 19813 | D:15     | Found a runed translucent gate.
 19814 | D:15     | Noticed Bialiabluu's ghost (adept GrEE)
 19814 | D:15     | Noticed Huipt's ghost (journeyman DEFE)
 20305 | D:15     | Got the Quarto of Charms
 20332 | D:15     | Found a staircase to the Depths.
 20332 | D:15     | Noticed a stone giant
 20366 | D:15     | Killed a stone giant
 20969 | Depths:1 | Entered Level 1 of the Depths
 20970 | Depths:1 | Noticed a fire giant
 20970 | Depths:1 | Noticed a purple very ugly thing
 20970 | Depths:1 | Noticed a purple very ugly thing
 20986 | Depths:1 | Noticed a stone giant
 20995 | Depths:1 | Killed a stone giant
 21078 | Depths:1 | Identified the amulet of Polytheism {Faith rC+ Int+3}
 21242 | Depths:1 | Found Athigu's Weapon Shop.
 21444 | Orc:1    | Entered Level 1 of the Orcish Mines
 21958 | Orc:1    | Learned a level 3 spell: Summon Guardian Golem
 21964 | Orc:1    | Learned a level 5 spell: Summon Forest
 22026 | Orc:1    | Reached skill level 11 in Fighting
 22078 | Orc:1    | Found a runed translucent gate.
 22079 | Orc:1    | Found a runed translucent gate.
 22086 | Orc:1    | Found a runed translucent gate.
 22087 | Orc:1    | Noticed Ehotes's ghost (journeyman OpSh)
 22087 | Orc:1    | Noticed Wuagoi's ghost (journeyman DrVM)
 22087 | Orc:1    | Noticed Xiotatis's ghost (journeyman MiBe)
 22087 | Orc:1    | Noticed Xisad's ghost (journeyman TeMo)
 22458 | Orc:2    | Entered Level 2 of the Orcish Mines
 22509 | Orc:2    | Found Loug's General Store.
 22519 | Orc:2    | Bought a potion of cancellation for 96 gold pieces
 23018 | Orc:2    | Reached skill level 1 in Summonings
 23293 | Orc:2    | Found Naufot's Magic Scroll Boutique.
 23446 | Orc:2    | Found Roatyere's General Store.
 23610 | Orc:2    | Bought a scroll of teleportation for 42 gold pieces
 23612 | Orc:2    | Bought a potion of heal wounds for 80 gold pieces
 23863 | Orc:2    | Paralysed by an orc sorcerer for 2 turns
 23864 | Orc:2    | Reached skill level 1 in Hexes
 23866 | Orc:2    | Reached XP level 15. HP: 91/94 MP: 15/30
 24060 | Orc:2    | Reached ****** piety under Makhleb
 24070 | Orc:2    | Found a staircase to the Elven Halls.
 24817 | Orc:2    | Reached skill level 5 in Translocations
 25141 | Orc:2    | Paralysed by an orc sorcerer for 4 turns
 25674 | Orc:2    | Found Ciatun's Antique Weapon Emporium.
 25674 | Orc:2    | Found Jebut's Book Shoppe.
 25678 | Orc:2    | Found a one-way gate leading to the halls of Pandemonium.
 25842 | Elf:1    | Entered Level 1 of the Elven Halls
 26378 | Depths:1 | Reached skill level 5 in Summonings
 26629 | Depths:1 | Gained mutation: You sometimes lose your temper in combat.
                  | [mutagenic glow]
 27236 | Depths:1 | Found a gateway to Hell.
 27245 | Hell     | Entered the Vestibule of Hell
 27245 | Hell     | Noticed Geryon
 27245 | Hell     | Noticed a balrug
 27302 | D:15     | Entered Vestibule of Hell
 27437 | Lair:1   | Entered Level 1 of the Lair of Beasts
 27437 | Lair:1   | Found an opulent altar of Gozag.
 28235 | Lair:2   | Reached skill level 10 in Invocations
 29504 | Lair:3   | Found a staircase to the Snake Pit.
 30762 | Lair:3   | Found a staircase to the Swamp.
 31879 | Lair:4   | Reached XP level 16. HP: 100/100 MP: 9/31
 32682 | Lair:4   | Found a viscous altar of Jiyva.
 32682 | Lair:4   | Found a staircase to the Slime Pits.
 32740 | Lair:4   | Learned a level 1 spell: Apportation
 33158 | Lair:5   | Entered Level 5 of the Lair of Beasts
 36057 | Snake:1  | Entered Level 1 of the Snake Pit
 36419 | Lair:3   | Learned a level 5 spell: Summon Mana Viper
 36579 | Snake:1  | Identified the +0 leather armour of Kenarut {rCorr Int+4}
 36873 | Snake:1  | Found Afunur's Book Shoppe.
 37053 | Snake:1  | Found Etighesi's Magic Scroll Emporium.
 37055 | Snake:1  | Found Mivys Hony's Armour Shoppe.
 37206 | Snake:1  | Bought a book of Unlife for 612 gold pieces
 37212 | Snake:1  | Learned a level 5 spell: Borgnjor's Vile Clutch
 37221 | Snake:1  | Bought a scroll of enchant armour for 105 gold pieces
 37221 | Snake:1  | Bought a scroll of enchant armour for 105 gold pieces
 37221 | Snake:1  | Bought a scroll of revelation for 105 gold pieces
 37598 | Snake:1  | Reached skill level 1 in Necromancy
 39471 | Snake:1  | Reached XP level 17. HP: 65/104 MP: 4/33
 39634 | Snake:1  | Identified the +3 robe of Tenacity {Will+ Regen+ Int+3}
 41611 | Snake:2  | Noticed Nikola
 41620 | Snake:2  | Killed Nikola
 41674 | Snake:2  | Noticed Aizul
 42460 | Snake:2  | Killed Aizul
 43451 | Snake:3  | Noticed Azrael
 43986 | Snake:3  | Reached skill level 12 in Fighting
 44738 | Snake:3  | Killed Azrael
 45421 | Snake:4  | Entered Level 4 of the Snake Pit
 46507 | Snake:4  | Found Kef Jusou's Book Emporium.
 46623 | Snake:4  | Reached XP level 18. HP: 99/113 MP: 11/35
 47104 | Snake:4  | Reached skill level 15 in Invocations
 47423 | Snake:4  | Reached skill level 13 in Fighting
 49327 | Snake:4  | Noticed Vashnia
 49622 | Snake:4  | Killed Vashnia
 50497 | Snake:4  | Reached skill level 14 in Fighting
 50668 | Snake:4  | Got a serpentine rune of Zot
 50873 | Swamp:1  | Entered Level 1 of the Swamp
 51062 | Swamp:1  | Found a runed translucent door.
 51062 | Swamp:1  | Noticed bmack86's ghost (journeyman MiFi)
 53728 | Swamp:2  | Reached XP level 19. HP: 122/122 MP: 31/37
 54389 | Swamp:3  | Reached skill level 15 in Spellcasting
 55639 | Swamp:3  | Learned a level 7 spell: Spellforged Servitor
 55926 | Swamp:4  | Entered Level 4 of the Swamp
 56134 | Swamp:4  | Reached skill level 15 in Fighting
 57978 | Swamp:4  | Noticed Mara
 58012 | Swamp:4  | Killed Mara
 58434 | D:10     | You paid a toll of a +7 demon trident to enter a treasure
                  | trove
 58435 | Trove    | Entered a treasure trove
 58463 | Trove    | Identified the +2 pair of boots of Purpose {rC+ Int+2
                  | Slay+2}
 58475 | Trove    | Identified the ring "Cyxamp Lonno" {rF+ Str+6 Int+2}
 58491 | Trove    | Got the Verses on Wanderlust and the Welkin
 58494 | Trove    | Identified the ring "Cykaajam" {Wiz Str+6}
 58661 | Swamp:4  | Noticed Kirke
 58687 | Swamp:4  | Killed Kirke
 60107 | Swamp:4  | Learned a level 7 spell: Orb of Destruction
 60391 | Swamp:4  | Identified the +0 robe of the Cuttlefish {+Blink Regen+
                  | rCorr Slay+2}
 60420 | Swamp:4  | Got a decaying rune of Zot
 60642 | Vaults:1 | Entered Level 1 of the Vaults
 60947 | Vaults:1 | Got the Spellbook of Hyperborean Places
 61834 | Vaults:1 | Reached skill level 10 in Summonings
 62071 | Vaults:1 | Reached XP level 20. HP: 112/131 MP: 14/39
 62366 | Vaults:1 | Identified the +4 scale mail of Gumirph {rF+ Dex+3 SInv}
 62476 | Vaults:1 | Acquired the staff "Vaeloobe" {rC+ rN+ Will+ Str+3 Earth}
 62583 | Vaults:1 | Reached skill level 1 in Evocations
 66287 | Vaults:2 | Upgraded the game from 0.31-a0-339-gda1cbd555d to
                  | 0.31-a0-344-gd109795599
 66890 | Vaults:3 | Reached skill level 5 in Evocations
 67560 | Vaults:3 | Reached skill level 15 in Earth Magic
 67932 | Vaults:3 | Found Nicaturu's Book Shop.
 68626 | Vaults:3 | Found a staircase to the Crypt.
 68794 | Vaults:3 | Reached XP level 21. HP: 114/136 MP: 29/41
 70377 | Vaults:4 | Found a runed translucent door.
 70482 | Vaults:4 | Reached skill level 15 in Conjurations
 71917 | Vaults:4 | Identified the +0 plate armour "Fitebiu" {Drain Fly rN+
                  | Int+6}
 72660 | D:15     | Killed Bialiabluu's ghost
 72662 | D:15     | Killed Huipt's ghost
 72743 | D:15     | Learned a level 2 spell: Blink
 72749 | D:15     | Learned a level 4 spell: Passage of Golubria
 72923 | Depths:1 | Noticed the Enchantress
 72943 | Depths:1 | Killed the Enchantress
 73832 | Depths:1 | Reached skill level 16 in Fighting
 74235 | Depths:1 | Found an opulent altar of Gozag.
 75644 | Depths:2 | Noticed an ancient lich
 76114 | D:1      | Bought a scroll of blinking for 90 gold pieces
 76114 | D:1      | Bought a scroll of blinking for 90 gold pieces
 76114 | D:1      | Bought a scroll of fog for 48 gold pieces
 76755 | Depths:2 | Reached XP level 22. HP: 135/142 MP: 9/43
 76775 | Depths:2 | Noticed a golden dragon
 77267 | Depths:2 | Noticed a golden dragon
 77274 | Depths:2 | Killed a golden dragon
 78336 | Orc:2    | Bought a potion of invisibility for 128 gold pieces
 78336 | Orc:2    | Bought a scroll of enchant armour for 120 gold pieces
 78483 | Swamp:1  | Killed bmack86's ghost
 79087 | Depths:2 | Killed a golden dragon
 79271 | Depths:2 | Killed an ancient lich
 79955 | Depths:2 | Got the Omnibus of the Salvo
 80044 | Depths:2 | Found a broken altar of Ashenzari.
 80265 | Depths:2 | Reached skill level 1 in Staves
 80650 | Depths:3 | Identified the staff of Dim Light {rPois Will- rCorr Earth}
 80654 | Depths:3 | Found a one-way gate to the infinite horrors of the Abyss.
 80680 | Depths:3 | Noticed a golden dragon
 81178 | Depths:2 | Got the Anthology of the Damned
 81259 | Depths:4 | Entered Level 4 of the Depths
 81260 | Depths:4 | Noticed a caustic shrike
 81593 | Depths:3 | Identified the +8 plate armour of the Bulwark {+Blink rElec
                  | rC- Str+3}
 81607 | Depths:3 | Identified the amulet of Duocudam {RegenMP rPois}
 81649 | Depths:3 | Killed a golden dragon
 81755 | Depths:3 | Identified the +9 glaive of Rumexuez {pain, rF+ Int+7 SInv
                  | Stlth-}
 82477 | Depths:4 | Noticed a caustic shrike
 82477 | Depths:4 | Noticed a caustic shrike
 82520 | Depths:4 | Noticed a caustic shrike
 82528 | Depths:3 | Reached skill level 17 in Fighting
 82649 | Depths:3 | Killed a caustic shrike
 82864 | Depths:4 | Noticed a golden dragon
 82880 | Depths:4 | Noticed a juggernaut
 82909 | Depths:4 | Killed a caustic shrike
 82910 | Depths:4 | Reached skill level 10 in Evocations
 82916 | Depths:4 | Killed a caustic shrike
 82924 | Depths:4 | Found a one-way gateway to a ziggurat.
 83433 | Depths:4 | Killed a caustic shrike
 83434 | Depths:4 | Reached XP level 23. HP: 150/150 MP: 16/45
 83719 | Depths:4 | Killed a juggernaut
 83988 | Depths:4 | Reached skill level 5 in Staves
 84409 | Depths:4 | Identified the +9 bardiche of the Hawk {heavy, Contam Str+5
                  | Dex+2}
 84674 | Depths:4 | Killed a golden dragon
 84959 | Depths:4 | Found a gate to the Realm of Zot.
 84967 | Depths:4 | Found entrance to Zot
 85002 | Depths:4 | Learned a level 6 spell: Leda's Unmaking
 85097 | Depths:4 | Found a basalt altar of Yredelemnul.
 86272 | Elf:1    | Reached skill level 18 in Fighting
 88871 | Elf:2    | Found Aseakof's Antique Weapon Shop.
 88957 | Elf:2    | Found Wewe's One-of-a-Kind Books.
 89196 | Elf:2    | Found a runed translucent gate.
 89196 | Elf:2    | Found a runed translucent gate.
 89196 | Elf:2    | Found a runed translucent gate.
 89533 | Elf:3    | Entered Level 3 of the Elven Halls
 89534 | Elf:3    | Found Zeuzuo's Weapon Shoppe.
 89605 | Elf:3    | Found a runed translucent door.
 89605 | Elf:3    | Found a corrupted altar of Lugonu.
 91003 | Elf:3    | Identified the +6 scale mail "Otolic" {-Tele rN++ Regen+
                  | Int+3}
 91032 | Elf:3    | Identified the +11 battleaxe "Poliuqav" {distort, Fragile
                  | Fly rF+ Str+4}
 91429 | Elf:3    | Identified the ring of Twilight {rPois rF+ Int+6}
 91622 | Elf:3    | Reached XP level 24. HP: 160/160 MP: 26/46
 91726 | Elf:3    | Identified the +0 plate armour of the Oni {rN+}
 92021 | Elf:3    | Learned a level 5 spell: Lee's Rapid Deconstruction
 92035 | Elf:3    | Identified the +5 chain mail of Ennui {Regen+}
 92042 | Elf:3    | Identified the staff "Estriesici" {rElec Str+3 Air}
 92060 | Elf:3    | Identified the staff "Rielodd" {rPois Dex+3 Poison}
 92376 | Elf:3    | Reached skill level 19 in Fighting
 92912 | Vaults:5 | Entered Level 5 of the Vaults
 94106 | Vaults:5 | Noticed a dread lich
 94114 | Vaults:4 | Gained mutation: Your magical capacity is low. (-10% MP)
                  | [mutagenic glow]
 94325 | Vaults:4 | Killed a dread lich
 94437 | Vaults:4 | Lost mutation: Your magical capacity is low. (-10% MP)
                  | [potion of mutation]
 94437 | Vaults:4 | Lost mutation: You sometimes lose your temper in combat.
                  | [potion of mutation]
 94437 | Vaults:4 | Gained mutation: You are dopey. (Int -2) [potion of
                  | mutation]
 94437 | Vaults:4 | Gained mutation: Your spells are a little harder to cast,
                  | but a little more powerful. [potion of mutation]
 94437 | Vaults:4 | Gained mutation: You have a pair of small antennae on your
                  | head. [potion of mutation]
 97801 | Vaults:4 | Reached skill level 20 in Fighting
 98454 | Vaults:5 | Noticed a dread lich
 98791 | Vaults:4 | Killed a dread lich
 98908 | Vaults:5 | Identified the +0 leather armour "Hero's Friend" {rElec rC+
                  | Slay-3}
 99196 | Vaults:5 | Noticed a dread lich
 99202 | Vaults:5 | Killed a dread lich
 99203 | Vaults:5 | Reached XP level 25. HP: 168/168 MP: 25/47
 99205 | Vaults:5 | Noticed a dread lich
 99212 | Vaults:5 | Killed a dread lich
101530 | Vaults:5 | Got a silver rune of Zot
101728 | Vaults:5 | Identified the ring of Qaleraut {rF++ MP+9 Str+2 Int+6}
101827 | Vaults:5 | Identified the +11 hand axe "Killer Klown's Curse" {flame,
                  | rF++ Int+3}
101828 | Vaults:5 | Identified the +0 helmet of the Hanged Man {rPois Int-2
                  | Slay+2}
101859 | Vaults:5 | Found Heuwkofe's Book Shoppe.
101882 | Vaults:5 | Identified the +0 cloak "Egicyr" {+Inv rF- rCorr}
101886 | Vaults:5 | Bought a manual of Fighting for 1200 gold pieces
101895 | Vaults:5 | Identified the +1 fire dragon scales "Pioma" {Drain rF++
                  | rC- Will++ Dex+3}
101896 | Vaults:5 | Identified the ring of Suhe {rPois Int+3}
101899 | Vaults:5 | Identified the ring "Ikecoigg" {Drain rF+ rCorr Str+3
                  | Dex+7}
101915 | Vaults:5 | Identified the +3 quarterstaff of Yphigiop {protect, rPois
                  | rC- Dex+6}
101923 | Vaults:5 | Identified the +0 chain mail of Modesty {rF++}
102764 | Zot:1    | Entered Level 1 of the Realm of Zot
103006 | Zot:2    | Noticed a Killer Klown
103010 | Zot:2    | Killed a Killer Klown
103097 | Zot:2    | Noticed a dread lich
104621 | Zot:2    | Noticed a Killer Klown
104627 | Zot:2    | Killed a Killer Klown
105194 | Zot:2    | Reached skill level 21 in Fighting
106274 | Zot:4    | Noticed a Killer Klown
106274 | Zot:4    | Noticed a Killer Klown
106280 | Zot:4    | Killed a Killer Klown
106284 | Zot:3    | Killed a Killer Klown
106626 | Zot:4    | Reached skill level 22 in Fighting
106641 | Zot:4    | Reached XP level 26. HP: 179/179 MP: 24/50
107100 | Zot:3    | Noticed an orb of fire
107113 | Zot:5    | Entered Level 5 of the Realm of Zot
108130 | Zot:5    | Reached skill level 23 in Fighting
108198 | Zot:5    | Noticed a dread lich
108541 | Zot:5    | Noticed an orb of fire
108594 | Zot:5    | Noticed an ancient lich
108594 | Zot:5    | Noticed a dread lich
108608 | Zot:5    | Killed an ancient lich
108609 | Zot:5    | Noticed a dread lich
108625 | Zot:5    | Killed a dread lich
108626 | Zot:5    | Noticed a dread lich
108627 | Zot:5    | Killed a dread lich
108632 | Zot:5    | Killed a dread lich
108710 | Zot:5    | Killed a dread lich
108711 | Zot:5    | Reached skill level 24 in Fighting
108904 | Zot:5    | Noticed a Killer Klown
108935 | Zot:5    | Killed an orb of fire
109041 | Zot:5    | Noticed a Killer Klown
109061 | Zot:5    | Killed a Killer Klown
109470 | Zot:5    | Noticed an orb of fire
109475 | Zot:5    | Killed an orb of fire
109480 | Zot:5    | Killed a Killer Klown
109643 | Zot:5    | Noticed an orb of fire
109646 | Zot:5    | Killed an orb of fire
109923 | Zot:5    | Noticed an orb of fire
109931 | Zot:5    | Killed an orb of fire
110085 | Zot:5    | Reached XP level 27. HP: 192/192 MP: 51/51
110096 | Zot:5    | Identified the +1 robe "Waenuci" {Str+6 Int-5}
110289 | Zot:5    | Reached skill level 25 in Fighting
110379 | Zot:5    | Noticed an orb of fire
110391 | Zot:5    | Killed an orb of fire
110518 | Zot:5    | Got the Orb of Zot
110841 | D:15     | Gained mutation: Your magical capacity is low. (-10% MP) [a
                  | cacodemon]
111297 | D:$      | Escaped with the Orb!

Illustrated notes #.........)...### #..### #.........###...##### ##.## #######.###.........## #..# # #.##..≈.≈.≈.≈..###.## # #.#....≈≈#§≈....##.# # #.#.≈.#≈≈≈≈≈#.≈.##.# # #(#..≈≈≈≈.≈≈≈≈..##.# # #....≈≈≈...≈≈≈≈.##.# # ##..≈.≈..@..≈#.....# # ##..≈.≈...≈≈≈≈.#.## # #..≈≈≈≈.≈≈§§..#.# # #.≈.#≈§≈≈≈#.≈.#.# # #....≈≈#≈≈......# ##..≈.≈.≈.≈....## ##...........## #####......## ######## Turn 27302 on D:15: Entered Vestibule of Hell

##..C....... ..... #.##
.....##..... .....####.#
............ ?.........#....
............ ..............
.......:... #.......##)..)
........... ##### #....##....)#
.≈......... ##...###....##......
.§.....#... #.....##?....#...[..
.....###... #..@..##........)...
.....# #.....#####.#..##...
###...### ♣......#.).
##.......##...........
##.........##......).))
##...........##.........
#.............##........
..§§§≈§§.........................
.....§.≈........⌠................


Turn 84967 on Depths:4: Found entrance to Zot

Levels and vault maps discovered:
D:1:      lightli_molten_gateway, layout_basic, serial_shops, shop
D:2:      layout_loops_cross
D:3:      layout_basic, fiery_altar_vehumet
D:4:      layout_basic, lemuel_coloured_pillars_altar, minmay_diced_spiral
D:5:      layout_loops_ring, grunt_temple_overflow_forces_of_nature,
          minmay_temple_entry_statues_fountains, uniq_eustachio
D:6:      layout_loops_cross, grunt_temple_overflow_order_and_chaos_1,
          uniq_edmund
D:7:      layout_rooms, nzn_hepliaklqana_mist_gate,
          minmay_hollow_rounded_squares, uniq_maggie, uniq_crazy_yiuf_cottage,
          uniq_prince_ribbit1, uniq_menkaure
D:8:      layout_rooms, nicolae_overflow_hidden_temple, marbit_many_paths,
          serial_glass, glass_columns_a, glass_columns_a, glass_columns_a,
          glass_columns_a
D:9:      layout_basic, nicolae_ru_great_annihilating_truth,
          hellmonk_lair_entry_icy, orc_david_3, uniq_gastronok
D:10:     layout_irregular_city, nicolae_trove_entry_columns
D:11:     layout_basic, ebering_ghost_reflecting_pool, serial_curves,
          eino_curves_01, eino_curves_03
D:12:     layout_basic, minmay_checkerbox
D:13:     layout_roguey, grunt_vaults_entry_fortified, serial_shops,
          nicolae_shop_back_alley_shop, minivault_8
D:14:     dreamdust_cave_troll, layout_loops_ring, minmay_misc_feat_diagonals
D:15:     grunt_enter_depths_giant_problem, layout_basic,
          gauntlet_entry_generic, nrook_campfire, serial_shops,
          nicolae_shop_hallway_plus, gammafunk_ghost_cemetery
Temple:   nicolae_temple_bog_church
Lair:1:   layout_loops_ring, basic_altar, serial_bayou, serial_bayou_lake_a,
          serial_bayou_pond_c, serial_bayou_crossing, serial_bayou_shore_a
Lair:2:   layout_hall_layers, serial_forest, infiniplex_forest_zigzag_1,
          infiniplex_forest_clump_medium, infiniplex_forest_lined_2,
          infiniplex_forest_corner_1, infiniplex_forest_corner_2,
          infiniplex_forest_straight_3
Lair:3:   layout_cave_pods, minmay_swamp_entry_reptiles,
          minmay_snake_entry_six_corridors
Lair:4:   layout_misc_corridors, slime_entry_1, hibernation_bobbens,
          grunt_megastairs_1, infiniplex_staircase_pool_2
Lair:5:   minmay_lair_end_enchanted_forest, layout_cave_pods, fungi_pond_lemuel,
          chequers_serial_rivers_micro_c
Swamp:1:  layout_basic_swamp, hellmonk_ghost_happy_afterlife, serial_swamp_ruin,
          evilmike_swamp_ruin_rubble_2, evilmike_swamp_ruin_house_3,
          evilmike_swamp_ruin_house_2, swamp_pool1
Swamp:2:  layout_basic_swamp, evilmike_swamp_ruin_house_4, swamp_pool3,
          nicolae_swamp_baby_hydras, infiniplex_staircase_pool
Swamp:3:  layout_basic_swamp, evilmike_swamp_ruin_house_6
Swamp:4:  grunt_swamp_rune_castle, layout_basic_swamp, swamp_pool1, uniq_mara,
          uniq_kirke
Snake:1:  cheibrodos_forgotten_conduit, layout_rooms, nicolae_snake_boneroom,
          lemuel_fruit_tree, minmay_shop_star
Snake:2:  layout_misc_corridors, uniq_nikola, uniq_aizul
Snake:3:  layout_grid_shapes, uniq_azrael
Snake:4:  grunt_snake_rune_serpentine_throne, layout_misc_corridors,
          serial_shops, shop, uniq_vashnia
Orc:1:    layout_caves, gammafunk_ghost_cemetery
Orc:2:    pf_orc_diabolical, layout_diamond_mine, serial_shops,
          nicolae_shop_tiny_glass, nicolae_orc_crystal_geode
Elf:1:    layout_loops_corners, special_room [special_room_mythical_zoo],
          kennysheep_underground_church, grunt_megastairs_3
Elf:2:    nicolae_elf_blades_splatter_lattice
          [nicolae_blade_entry_hurt_lockers], layout_geoelf_diagonals,
          serial_shops, nicolae_shop_gibbet_a_chance, nicolae_rare_books,
          grunt_megastairs_2
Elf:3:    grunt_elf_hall_diamonds, layout_geoelf_grid, serial_shops,
          nicolae_shop_tiny_statue_garden, nicolae_danse_macabre
Vaults:1: vaults_room_semicircle, nicolae_vaults_lightning_bolt,
          nicolae_vaults_trapezoid_lopsided_2,
          nicolae_vaults_variable_pillar_hall_cross, vaults_dpeg_doors,
          nicolae_vaults_wine_cellar, nicolae_vaults_shelves_hall,
          ontoclasm_vaults_decontamination, layout_vaults_omnigrid
Vaults:2: nicolae_vaults_little_squares_6, v_rooms_6, vaults_mumra_hex,
          v_alt_pattern_2, ontoclasm_vaults_idyll, nicolae_vaults_tetromino_L_1,
          v_misc_14, hangedman_vaults_nails, v_misc_13, v_misc_32,
          layout_vaults_omnibox
Vaults:3: vaults_room_guarded_vault, ontoclasm_vaults_pinch,
          nicolae_vaults_trapezoid_lopsided_1, ontoclasm_vaults_eye,
          minmay_crypt_entry_simple_box, v_misc_12, grunt_vaults_twisty,
          nicolae_vaults_disjoint_gnomons, nicolae_vaults_layer_cake_slice,
          nicolae_vaults_storage_closets_1, nicolae_vaults_theta,
          nicolae_vaults_octothorpe, nicolae_vaults_border_crossing,
          layout_vaults_ring, serial_shops, shop
Vaults:4: nicolae_vaults_specimen_jars, nicolae_vaults_oval_intersection,
          nicolae_vaults_turnstiles, nicolae_vaults_oozy_zoo,
          nicolae_vaults_three_branches, hangedman_vaults_cutoff, v_pattern_1,
          nicolae_vaults_tetromino_Z_2, nicolae_vaults_double_plus_1,
          nicolae_vaults_trapezoid_3, nicolae_vaults_trapezoid_lopsided_3,
          nicolae_vaults_diamond_1, layout_vaults_chaotic_city
Vaults:5
Depths:1: layout_basic, serial_shops, nicolae_lakefront_shop,
          hangedman_tar_grid_catacomb, grunt_gozag_statues,
          kennysheep_generic_room_11, uniq_enchantress
Depths:2: minmay_the_grid_net [minmay_the_grid_empty,
          minmay_the_grid_minigrid_small, minmay_the_grid_artifice,
          minmay_the_grid_spin_star, minmay_the_grid_tiny_cups,
          minmay_the_grid_prize_trominoes], layout_cave_pools,
          nicolae_ashenzari_skybound, grunt_hell_entry_dis_grunt,
          rand_demon_pan_entry_4, special_room [special_room_morgue],
          infiniplex_staircase_squiggle
Depths:3: minmay_cut_squares, layout_long_grid, hell_entry, abyss_entry,
          minmay_misc_feat_columns, minivault_16, infiniplex_staircase_trident
Depths:4: grunt_zot_entry_alcove, layout_cave_pools, enter_ziggurat_a,
          yredelemnul_altar_generic, hellmouth_1, serial_bayou_shore_b
Hell
Zot:1:    layout_misc_corridors
Zot:2:    kennysheep_room_grid, layout_gridlike, hangedman_player_shredder
Zot:3:    layout_onion_interference, gammafunk_ghost_wrathful_warriors,
          grunt_ministairs_8
Zot:4:    layout_gridville, ebering_ghost_reflecting_pool,
          st_single_dragon_hoard_2, grunt_megastairs_4
Zot:5:    layout_basic

Skill      XL: |  1  2  3  4  5  6  7  8  9 10 11 12 13 14 15 16 17 18 19 20 21 22 23 24 25 26 27 |
---------------+----------------------------------------------------------------------------------+-----
Earth Magic    | 4 5 6 7 9 10 11 12 13 14 15 16 18 | 18.3
Conjurations   | 1 2 3 4 7 8 10 11 13 14 15 | 15.7
Spellcasting   | 3 4 6 8 10 11 12 13 14 15 16 17 18 19 20 23 24 | 24.0
Transmutations | 2 4 6 7 |  7.0
Fighting       | 3 6 8 9 10 11 12 14 15 16 17 18 20 22 24 25 | 25.7
Translocations | 3 4 5 7 |  7.8
Armour         | 4 6 7 8 |  8.3
Invocations    | 4 7 12 13 14 16 | 16.0
Summonings     | 1 5 7 10 11 | 11.2
Hexes          | 1 3 |  3.4
Necromancy     | 3 4 |  4.0
Evocations     | 6 8 10 | 10.5
Staves         | 4 8 9 |  9.9
Dodging        | |  1.5
Stealth        | |  2.5

Action                     |  1- 3 |  4- 6 |  7- 9 | 10-12 | 13-15 | 16-18 | 19-21 | 22-24 | 25-27 || total
---------------------------+-------+-------+-------+-------+-------+-------+-------+-------+-------++-------
  Melee: Unarmed           |     2 |    16 |       |       |       |       |       |       |       ||    18
         Dagger            |    23 |    13 |       |       |       |       |       |       |       ||    36
         Quarterstaff      |       |    40 |    81 |   254 |   753 |   395 |    74 |       |       ||  1597
         Staff             |       |       |       |       |       |       |    38 |    23 |   108 ||   169
         Punch             |       |       |       |       |       |       |       |     1 |     5 ||     6
   Cast: Sandblast         |    24 |    50 |    99 |    13 |       |       |       |       |       ||   186
         Stone Arrow       |       |       |       |   191 |   329 |   443 |   173 |    26 |       ||  1162
         Petrify           |       |       |       |     3 |       |       |       |       |       ||     3
         Irradiate         |       |       |       |       |    77 |    32 |     7 |    60 |     7 ||   183
         Passwall          |       |       |       |       |     3 |       |       |       |       ||     3
         Iskenderun's Myst |       |       |       |       |     3 |       |       |     1 |       ||     4
         Borgnjor's Vile C |       |       |       |       |       |   362 |   355 |   246 |   113 ||  1076
         Apportation       |       |       |       |       |       |     2 |     1 |     1 |     3 ||     7
         Summon Forest     |       |       |       |       |       |    32 |   104 |    46 |    18 ||   200
         Summon Mana Viper |       |       |       |       |       |     6 |    89 |    56 |    16 ||   167
         Spellforged Servi |       |       |       |       |       |       |    41 |   106 |    63 ||   210
         Passage of Golubr |       |       |       |       |       |       |     5 |       |     2 ||     7
         Leda's Unmaking   |       |       |       |       |       |       |       |   144 |   193 ||   337
         Blink             |       |       |       |       |       |       |       |     5 |     2 ||     7
         Orb of Destructio |       |       |       |       |       |       |       |     1 |       ||     1
 Invoke: Lesser Servant of |       |       |       |       |       |     1 |     1 |       |       ||     2
  Evoke: Wand              |       |       |       |     3 |     4 |     1 |    23 |    20 |    10 ||    61
    Use: Scroll            |       |     9 |     7 |    12 |     7 |     4 |    13 |     7 |     7 ||    66
         Potion            |       |       |       |     1 |     7 |     7 |    17 |    13 |     5 ||    50
   Stab: Sleeping          |     2 |     4 |     3 |     1 |     2 |     1 |       |       |     1 ||    14
         Distracted        |       |       |       |       |       |       |     1 |       |       ||     1
 Armour: Robe              |    13 |    17 |       |       |       |   205 |   267 |   331 |   190 ||  1023
         Skin              |       |     1 |       |       |       |       |       |       |       ||     1
         Leather armour    |       |       |   108 |   261 |   179 |       |       |       |       ||   548
         Steam dragon scal |       |       |       |       |   389 |   235 |       |       |       ||   624
  Dodge: Dodged            |    23 |    55 |   135 |   380 |   998 |   890 |   333 |   408 |   185 ||  3407
         Repelled          |       |       |     1 |     4 |     9 |    63 |     6 |       |       ||    83

Table legend: (Time is in decaauts)
 A = Elapsed time spent in this place.
 B = Non-inter-level travel time spent in this place.
 C = Inter-level travel time spent in this place.
 D = Time resting spent in this place.
 E = Time spent auto-exploring this place.
 F = Levels seen in this place.
 G = Mean time per level.
                   A        B        C        D        E       F      G
               +--------+--------+--------+--------+--------+-----+--------+
         Total | 112236 | 105658 |   6578 |  48128 |  32236 |  51 | 2200.7 |
       Dungeon |  24940 |  21519 |   3421 |   6698 |   9402 |  15 | 1662.7 |
        Temple |     22 |     12 |     10 |      0 |      0 |   1 |   22.0 |
          Lair |   9554 |   9186 |    368 |   2888 |   4336 |   5 | 1910.8 |
         Swamp |   9499 |   9142 |    357 |   4611 |   2632 |   4 | 2374.8 |
     Snake Pit |  14447 |  14197 |    250 |   7195 |   3629 |   4 | 3611.8 |
  Orcish Mines |   5020 |   4715 |    305 |   1581 |   1600 |   2 | 2510.0 |
   Elven Halls |   6718 |   6588 |    130 |   2625 |   2625 |   3 | 2239.3 |
        Vaults |  21605 |  20810 |    795 |  11893 |   5209 |   5 | 4321.0 |
        Depths |  12011 |  11173 |    838 |   5786 |   2693 |   4 | 3002.8 |
          Hell |      1 |      1 |      0 |      0 |      0 |   1 |    1.0 |
           Zot |   7833 |   7732 |    101 |   4501 |    100 |   5 | 1566.6 |
         Trove |     73 |     73 |      0 |      0 |      6 |   1 |   73.0 |
      Gauntlet |    508 |    508 |      0 |    346 |      4 |   1 |  508.0 |
               +--------+--------+--------+--------+--------+-----+--------+

Top non-repeatable levels by time:
Vaults:4: 9618 daAuts
Depths:1: 5105 daAuts
 Snake:4: 4802 daAuts
    D:15: 4633 daAuts
 Snake:1: 4528 daAuts
   Orc:2: 3938 daAuts
Vaults:2: 3730 daAuts
    D:13: 3413 daAuts
   Zot:5: 3208 daAuts
Vaults:3: 3196 daAuts
 Swamp:4: 3069 daAuts
 Swamp:3: 3042 daAuts
   Elf:3: 3020 daAuts
Vaults:1: 2991 daAuts
  Lair:3: 2972 daAuts
